 Yiufcrawl Soup (a DCSS fork) version 1.5.2b1-yiuf-19-g91104ff (webtiles) character file.

219 Brynnhild the Chopper (level 5, -15/28 HPs)
             Began as a Vine Stalker Fighter on July 29, 2018.
             Was a Follower of Wu Jian.
             Demolished by an ogre
             ... wielding a cursed -1 giant spiked club
              (17 damage)
             ... on level 4 of the Dungeon.
             The game lasted 00:06:03 (2442 turns).

Brynnhild the Chopper (Vine Stalker Fighter)        Turns: 2442, Time: 00:06:03

Health: -15/28     AC:  6    Str: 19    XL:     5   Next: 96%
Magic:  0/6        EV:  7    Int:  8    God:    Wu Jian [*.....]
Gold:   167        SH: 10    Dex: 14    Spells: 4/4 levels left

rFire    . . .     SeeInvis .   o - +0 broad axe
rCold    . . .     Gourm    .   c - +0 shield
rNeg     . . .     Faith    .   b - +0 scale mail
rPois    .         Spirit   +   (no helmet)
rElec    .         Reflect  .   (no cloak)
rCorr    .         Harm     .   (no gloves)
MR       .....                  (no boots)
Stlth    ..........             (no amulet)
Regen    0.5/turn               (no ring)
MPRegen  0.1/turn               (no ring)

@: lethally poisoned (-15 -> -16)
A: fangs 2, regeneration 1, magic shield, antimagic bite, no potion heal 3, rot
immunity
a: Renounce Religion


You were on level 4 of the Dungeon.
You worshipped Wu Jian.
Wu Jian was aware of your devotion.
You were not hungry.

You visited 1 branch of the dungeon, and saw 4 of its levels.

You collected 167 gold pieces.

Inventory:

Hand Weapons
 a - a +0 war axe
 o - a +0 broad axe (weapon)
Armour
 b - a +0 scale mail (worn)
 c - a +0 shield (worn)
Scrolls
 e - 2 scrolls of amnesia {unknown}
 h - 4 scrolls of identify {unknown}
 k - a scroll of fear {unknown}
 n - 2 scrolls of remove curse {unknown}
 p - 3 scrolls of noise {unknown}
 r - 2 scrolls of enchant weapon {unknown}
 t - a scroll of enchant armour {unknown}
Potions
 d - a potion of might
 g - a potion of magic
 l - 4 potions of curing {unknown}
 q - 2 potions of mutation {unknown}
 s - a potion of haste {unknown}
Comestibles
 f - 3 bread rations
 i - 3 meat rations
 j - 2 royal jellies
 m - 5 fruits


   Skills:
 + Level 2.9 Fighting
 * Level 4.3 Axes
 + Level 3.0 Armour
 + Level 0.8 Dodging
 + Level 3.2 Shields


You had 4 spell levels left.
You didn't know any spells.

Dungeon Overview and Level Annotations

Branches:
Dungeon (4/15)
 Temple: D:4

Altars:
Hepliaklqana
Wu Jian


Innate Abilities, Weirdness & Mutations

You have extremely sharp teeth.
Your natural rate of healing is unusually fast.
When hurt, damage is shared between your health and your magic reserves.
Your bite disrupts and absorbs the magic of your enemies.
Potions cannot restore your health.
You are immune to rotting.


Message History

The worker ant bites you.
* * * LOW HITPOINT WARNING * * *
Unknown command.
You spin and attack the worker ant.
You barely miss the worker ant. You bite the worker ant. You drain its power.
You feel invigorated.
The worker ant is lightly wounded.
The worker ant bites you.
* * * LOW HITPOINT WARNING * * *
You are poisoned.
The worker ant poisons you!
You spin and attack the worker ant.
Your shield and scale mail prevent you from hitting the worker ant.
You bite the worker ant. You drain its power.
You feel invigorated.
The worker ant is moderately wounded.
* * * LOW HITPOINT WARNING * * *
You feel sick. You block the worker ant's attack.
It was a potion of magic.
Magic courses through your body.
The ogre hits you with a giant spiked club!!
Ouch! That really hurt!
You die...

..# #..# #. #..##
#.##...# #
#.#....# .###
#.#...(##....
#..<......#
#.........#
#..@O.....#
#...a..####
#.######..#...#
..............#
#.###.##.#.#.##
#.# #.#..#.....
#. #.#
#...##...###
#.##.###...##...#
................#


You could see an ogre and a worker ant.

Vanquished Creatures
  A jelly (D:3)
  2 orc wizards (D:4)
  3 adders
  2 oozes (D:3)
  3 worms
  3 dart slugs (D:2)
  4 leopard geckos
  9 orcs
  4 bats
  2 giant cockroaches
  10 goblins
  4 hobgoblins
  4 jackals (D:1)
  7 frilled lizards
  9 kobolds
  7 rats
74 creatures vanquished.

Notes
Turn   | Place    | Note
-------+----------+-------------------------------------------
     0 | D:1      | Brynnhild the Vine Stalker Fighter began the quest for the Orb.
     0 | D:1      | Reached XP level 1. HP: 11/11 MP: 2/2
   148 | D:1      | Reached XP level 2. HP: 16/16 MP: 3/3
   311 | D:1      | Reached skill level 2 in Axes
   552 | D:1      | Reached XP level 3. HP: 17/19 MP: 4/4
   858 | D:2      | Found an ornate altar of the Wu Jian Council.
   908 | D:2      | Became a worshipper of the Wu Jian Council
  1191 | D:2      | Reached skill level 3 in Axes
  1191 | D:2      | Gained mutation: Your natural rate of healing is unusually fast. [Vine Stalker growth]
  1191 | D:2      | Reached XP level 4. HP: 16/23 MP: 5/5
  1553 | D:3      | Found a hazy altar of Hepliaklqana.
  1737 | D:3      | Reached XP level 5. HP: 28/28 MP: 6/6
  1888 | D:3      | Reached * piety under Wu Jian
  2322 | D:4      | Noticed an ogre
  2378 | D:4      | Reached skill level 4 in Axes
  2441 | D:4      | HP: 1/28 [poisoned by a worker ant]
  2442 | D:4      | Demolished by an ogre

Skill      XL: |  1  2  3  4  5 |
---------------+----------------+-----
Axes           | 2 3 4 |  4.3
Shields        | 3 |  3.2
Armour         | 3 |  3.0
Fighting       | |  2.9
Dodging        | |  0.8

Action                   |  1- 3 |  4- 6 || total
-------------------------+-------+-------++-------
Melee: War axe           |    65 |       ||    65
       Bite              |    26 |    30 ||    56
       Broad axe         |    52 |   112 ||   164
  Use: Potion            |       |     1 ||     1
  Eat: Chunk             |     1 |     3 ||     4
Armor: Scale mail        |    45 |    48 ||    93
Dodge: Dodged            |    29 |    34 ||    63
Block: Shield            |    64 |    61 ||   125
